[Event "Saturday 13 January Rapid Engine Tour 12+1 Rounds 9 Starts 1600 ST"]
[Site "Infinity Chess"]
[Date "2018.1.13"]
[Round "2"]
[White "Cepri"]
[Black "Vimtiroba"]
[Result "1/2-1/2"]
[ECO "C53"]
[WhiteElo "2459"]
[BlackElo "2462"]
[WhiteEngine "asmFishW_12J18Mb_CTG"]
[BlackEngine "SF@130118_CTG"]
[EventType "Swiss"]
[WhiteTeam ""]
[BlackTeam ""]
[PlyCount "93"]
[TimeControl "720+1"]

1. e4 e5 2. Nf3 Nc6 3. Bc4 Bc5 4. c3 Nf6 5. d3 d6 6. O-O O-O 7. Nbd2 a6 
8. Bb3 Ba7 9. h3 h6 10. a4 Re8 11. Re1 Be6 12. Bxe6 Rxe6 13. b4 d5 14. Qc2 Ne7 
15. Rb1 Ng6 16. c4 dxe4 17. Nxe4 Nxe4 18. dxe4 Bd4 19. Rb3 c5 20. bxc5 Qc7 
21. Ba3 Rb8 22. Reb1 Nf4 23. Bc1 Bxc5 24. Bxf4 exf4 25. e5 a5 26. Rd3 b6 
27. Rdd1 Rbe8 28. Rd5 Qc6 29. Ra1 Rf8 30. Qd2 Qe8 31. Qc2 Qc6 32. Rad1 Rfe8 
33. Rd7 R6e7 34. R7d5 Re6 35. Re1 f6 36. h4 R6e7 37. Qg6 Re6 38. Qc2 fxe5 
39. Rexe5 Rxe5 40. Nxe5 Qf6 41. Nf3 Qa1+ 42. Kh2 Qf6 43. Kg1 Qf7 44. Qd2 Bb4 
45. Qc2 Qf6 46. Kh2 Bc5 47. Kg1 1/2-1/2

[Event "Saturday 13 January Rapid Engine Tour 12+1 Rounds 9 Starts 1600 ST"]
[Site "Infinity Chess"]
[Date "2018.1.13"]
[Round "2"]
[White "THE_MACHINE"]
[Black "Marsell"]
[Result "1/2-1/2"]
[ECO "C55"]
[WhiteElo "2478"]
[BlackElo "2480"]
[WhiteEngine "Houdini 6"]
[BlackEngine "asmFishW_2018-01-11_popcnt"]
[EventType "Swiss"]
[WhiteTeam ""]
[BlackTeam ""]
[PlyCount "118"]
[TimeControl "720+1"]

1. e4 e5 2. Nf3 Nc6 3. Bc4 Nf6 4. d3 Bc5 5. O-O d6 6. c3 O-O 7. h3 a6 8. Re1 Ba7 
9. a4 h6 10. Nbd2 Re8 11. b4 Be6 12. Bxe6 Rxe6 13. Qc2 Qd7 14. Rb1 Ree8 
15. Nf1 b5 16. Ra1 d5 17. Be3 Bxe3 18. Nxe3 Rad8 19. Rec1 Re6 20. Rd1 Ree8 
21. Rac1 Qe6 22. Nd2 Ne7 23. Nb3 bxa4 24. Nc5 Qc6 25. Ra1 a5 26. Rxa4 Ra8 
27. Rda1 axb4 28. cxb4 Rxa4 29. Qxa4 Rb8 30. Nf5 Qxa4 31. Nxe7+ Kf8 
32. Ng6+ fxg6 33. Rxa4 Ke7 34. h4 Rb6 35. Kf1 g5 36. hxg5 hxg5 37. Ke2 g4 
38. Kd1 d4 39. Nb3 Rc6 40. Nd2 g3 41. fxg3 Rc3 42. Ke2 Nh5 43. Nf3 Nxg3+ 
44. Kf2 Nh1+ 45. Kg1 Rc1+ 46. Kh2 Nf2 47. Nxe5 Rc3 48. b5 Kd6 49. Nf3 Rxd3 
50. Rc4 Nxe4 51. Rc6+ Kd5 52. Rxc7 Rd1 53. Rxg7 Kc5 54. Re7 Nd2 55. Nxd2 Rxd2 
56. b6 Kxb6 57. Kg1 Kc6 58. g4 d3 59. Kf1 Rd1+ 1/2-1/2

[Event "Saturday 13 January Rapid Engine Tour 12+1 Rounds 9 Starts 1600 ST"]
[Site "Infinity Chess"]
[Date "2018.1.13"]
[Round "2"]
[White "Susanne"]
[Black "Murx"]
[Result "1/2-1/2"]
[ECO "C55"]
[WhiteElo "2480"]
[BlackElo "2484"]
[WhiteEngine "asmFishW_10_bmi2_CTG"]
[BlackEngine "BrainFish_171226_x64_modern"]
[EventType "Swiss"]
[WhiteTeam ""]
[BlackTeam ""]
[PlyCount "112"]
[TimeControl "720+1"]

1. e4 e5 2. Nf3 Nc6 3. Bc4 Nf6 4. d3 Bc5 5. c3 d6 6. O-O O-O 7. Nbd2 a5 
8. Re1 h6 9. h3 Be6 10. Bb5 Qb8 11. Nf1 Qa7 12. Be3 Bxe3 13. Nxe3 Ne7 14. a4 Ng6 
15. Bc4 Bxc4 16. Nxc4 Qa6 17. g3 Rfe8 18. Ne3 Qc6 19. Qb3 b6 20. Qc4 Qxc4 
21. Nxc4 Nf8 22. Red1 g6 23. Ne1 h5 24. h4 d5 25. exd5 Nxd5 26. Nf3 Nd7 
27. Kg2 Re7 28. d4 exd4 29. Nxd4 Nc5 30. Nb5 Rd8 31. b4 Nb7 32. Re1 Rxe1 
33. Rxe1 Kg7 34. Nxc7 Nxc3 35. bxa5 bxa5 36. Re5 Nxa4 37. Nxa5 Nxa5 38. Rxa5 Nc3 
39. Ra7 Kf6 40. Ra6+ Ke5 41. Ra3 Ne4 42. Ra5+ Kf6 43. Nd5+ Ke6 44. Nf4+ Kf6 
45. Ra6+ Ke5 46. Ra5+ Kf6 47. Nd5+ Kg7 48. Kf3 Nd2+ 49. Kg2 Ne4 50. Nf4 Rd2 
51. Nh3 Kh6 52. Kf3 Nd6 53. Ng5 f6 54. Ne6 Nf5 55. Ra7 g5 56. Nf8 gxh4 1/2-1/2

[Event "Saturday 13 January Rapid Engine Tour 12+1 Rounds 9 Starts 1600 ST"]
[Site "Infinity Chess"]
[Date "2018.1.13"]
[Round "2"]
[White "fati64"]
[Black "Gilgamesch"]
[Result "1/2-1/2 "]
[ECO "C53"]
[WhiteElo "2492"]
[BlackElo "2496"]
[WhiteEngine "BrainFish_180106_x64"]
[BlackEngine "BrainFish_171005_x64_bmi2"]
[EventType "Swiss"]
[WhiteTeam ""]
[BlackTeam ""]
[PlyCount "184"]
[TimeControl "720+1"]

1. e4 e5 2. Nf3 Nc6 3. Bc4 Bc5 4. c3 Nf6 5. d3 d6 6. Bg5 a6 7. Qc2 h6 8. Bh4 Bd7 
9. Nbd2 Ba7 10. O-O-O Qe7 11. Kb1 O-O-O 12. Rhe1 g5 13. Bg3 Rhe8 14. d4 exd4 
15. Nxd4 Bxd4 16. cxd4 Nxd4 17. Qd3 Ne6 18. f3 Nh5 19. Qa3 Nxg3 20. hxg3 Kb8 
21. Qb4 c5 22. Qb6 Bc6 23. Bxa6 Qc7 24. Qxc7+ Kxc7 25. Bc4 h5 26. Rh1 Rh8 
27. Bd5 h4 28. gxh4 gxh4 29. Nc4 Nf4 30. Bxc6 bxc6 31. Rd2 d5 32. Ne3 Rh5 
33. Rh2 Re8 34. Nf5 Reh8 35. Kc2 h3 36. g3 dxe4 37. gxf4 Rxf5 38. fxe4 Rxf4 
39. Rd3 Rfh4 40. b3 R4h6 41. a4 R8h7 42. Kc3 Rh4 43. Kc2 Kb6 44. Kb2 Kc7 
45. Kc2 f6 46. Kc3 Kb6 47. Rf3 Kc7 48. Rd3 R4h5 49. Rf3 R7h6 50. Rd3 Kb7 
51. Rd7+ Ka6 52. Rd6 Kb7 53. Rd7+ Ka6 54. Rd6 Kb6 55. Rd3 Rh8 56. Kc2 Rh4 
57. Kc3 Ka5 58. Rf3 Kb6 59. Kc2 Kc7 60. Kc3 Kd7 61. Rd3+ Kc7 62. Kc2 Kb6 
63. Kc3 R8h6 64. Rg3 R6h5 65. Rd3 Kc7 66. Kc2 Kb6 67. Kc3 Kc7 68. Rf3 Rh8 
69. Rd3 R4h5 70. Kb2 R8h6 71. Kc3 Rh4 72. Kc2 Rh8 73. Kc3 c4 74. bxc4 c5 
75. a5 Kc6 76. Kd2 Rxe4 77. Rhxh3 Rxh3 78. Rxh3 Rxc4 79. Rf3 Rg4 80. a6 c4 
81. a7 Kb7 82. a8=Q+ Kxa8 83. Kc3 Ka7 84. Rxf6 Re4 85. Rg6 Rh4 86. Rg7+ Ka6 
87. Rg1 Kb6 88. Rg6+ Ka7 89. Rg1 Rf4 90. Rb1 Ka6 91. Rb2 Rh4 92. Rb4 Rh3+ 
1/2-1/2

[Event "Saturday 13 January Rapid Engine Tour 12+1 Rounds 9 Starts 1600 ST"]
[Site "Infinity Chess"]
[Date "2018.1.13"]
[Round "2"]
[White "Deep_Impact"]
[Black "xeonrocks"]
[Result "1/2-1/2"]
[ECO "D30"]
[WhiteElo "2498"]
[BlackElo "2524"]
[WhiteEngine "BrainFish_171226_x64_modern"]
[BlackEngine "asmFishW_bmi2.exe_CTG"]
[EventType "Swiss"]
[WhiteTeam ""]
[BlackTeam ""]
[PlyCount "148"]
[TimeControl "720+1"]

1. d4 d5 2. c4 e6 3. e3 Nf6 4. Nf3 c5 5. a3 dxc4 6. Bxc4 a6 7. dxc5 Qxd1+ 
8. Kxd1 Bxc5 9. b4 b5 10. Bd3 Bd6 11. Nbd2 Bb7 12. Bb2 Nbd7 13. Ke2 Ke7 
14. Rac1 e5 15. e4 a5 16. Rc2 axb4 17. axb4 Rhb8 18. Bc3 g6 19. Rhc1 Ra3 
20. g3 Rba8 21. Ne1 Ba6 22. Rb2 Nb6 23. Nb1 Ra4 24. Nc2 Nc4 25. Rb3 Bc8 
26. Be1 Bd7 27. Nc3 R4a7 28. f3 Rb7 29. g4 Kf8 30. Bxc4 bxc4 31. Rbb1 Be6 
32. Bh4 Ne8 33. Ra1 Rxa1 34. Rxa1 f5 35. gxf5 gxf5 36. Bg3 Kf7 37. Ra5 fxe4 
38. Nxe4 Bf5 39. Nxd6+ Nxd6 40. Bxe5 Bxc2 41. Bxd6 Rd7 42. Bf4 Bd1+ 43. Kf2 Rd3 
44. Be3 Rb3 45. Ra1 Bc2 46. Rc1 Bd3 47. Bd2 Ke6 48. h3 Kd6 49. Ke3 Kd5 
50. Bc3 Ra3 51. f4 h6 52. h4 h5 53. Be5 Bc2+ 54. Kd2 Bf5 55. Bc3 Ra2+ 
56. Ke3 Bg4 57. Re1 Rh2 58. Bf6 c3 59. Bxc3 Rxh4 60. b5 Rh3+ 61. Kd2 Rh2+ 
62. Ke3 h4 63. Be5 Rh3+ 64. Kd2 Bf5 65. Bf6 Rd3+ 66. Kc1 h3 67. Re5+ Kd6 
68. Rxf5 Ke6 69. Rh5 Kxf6 70. b6 Rb3 71. Kc2 Rxb6 72. Rh6+ Kf5 73. Rxb6 Kxf4 
74. Rb1 h2 1/2-1/2

[Event "Saturday 13 January Rapid Engine Tour 12+1 Rounds 9 Starts 1600 ST"]
[Site "Infinity Chess"]
[Date "2018.1.13"]
[Round "1"]
[White "NINJA_JENGKA"]
[Black "aleks"]
[Result "1/2-1/2"]
[ECO "A06"]
[WhiteElo "2437"]
[BlackElo "2382"]
[WhiteEngine "Houdini 6_CTG"]
[BlackEngine "komodo-11.2.2-64bit_CTG"]
[EventType "Swiss"]
[WhiteTeam ""]
[BlackTeam ""]
[PlyCount "223"]
[TimeControl "720+1"]

1. Nf3 d5 2. d4 Nf6 3. c4 e6 4. Nc3 c6 5. Bg5 h6 6. Bxf6 Qxf6 7. e3 Nd7 
8. Qb3 Qg6 9. Rc1 Bd6 10. g3 O-O 11. Qd1 f5 12. Be2 Qf7 13. O-O a6 14. Ne1 b5 
15. c5 Bc7 16. f4 Qe7 17. Nd3 a5 18. Nb1 Nf6 19. Nd2 Ba6 20. Ne5 Bxe5 
21. fxe5 Ne4 22. Nxe4 dxe4 23. a3 Bc8 24. Rf2 a4 25. Qd2 Bd7 26. Rcf1 Be8 
27. g4 Bg6 28. Qe1 Bh7 29. h4 Rad8 30. Bd1 Rf7 31. gxf5 Bxf5 32. Rg2 Bh3 
33. Rxf7 Qxf7 34. Rf2 Bf5 35. Bc2 Qd7 36. Kh2 Qd5 37. Qg1 Kh8 38. Qg3 Rg8 
39. Bd1 g6 40. Rf1 Qc4 41. Rg1 Kh7 42. Qf2 Rf8 43. Bc2 Qd5 44. Qg2 Rf7 
45. Rf1 Rf8 46. Rf2 Kg7 47. Rf4 Qa2 48. Bd1 Kh7 49. Qd2 Kg7 50. Rf2 Qd5 
51. Qa5 Rf7 52. Rg2 Kh7 53. Be2 Qb3 54. Qd2 Rg7 55. Rg1 Qd5 56. Bg4 Rf7 
57. Qg2 Qd8 58. Qg3 Rg7 59. Bd1 Rf7 60. Re1 Qg8 61. Rf1 Qd8 62. Qe1 Rg7 
63. Rg1 Qe8 64. Qg3 Qd8 65. Rg2 Rf7 66. Bg4 Qg8 67. Kg1 Rf8 68. Rf2 Qg7 
69. Bd1 Qd7 70. Bc2 Qd5 71. Kh2 Kg7 72. Qg1 Rf7 73. Kg3 Qa2 74. Qb1 Qd5 
75. Qe1 Qd8 76. Rg2 Qd5 77. Qb1 Kh7 78. b3 axb3 79. Bxb3 Qd8 80. a4 bxa4 
81. Bxa4 Qa8 82. Bc2 Qa3 83. Re2 Qa6 84. Re1 Rb7 85. Qa1 Qc4 86. Qd1 h5 
87. Qc1 Kh6 88. Kf4 Qd5 89. Rg1 Ra7 90. Bb1 Rf7 91. Kg3 Bg4 92. Rf1 Rf5 
93. Rf4 Bf3 94. Qd2 g5 95. Rxf5 gxh4+ 96. Kxh4 exf5 97. Qa2 Qd8+ 98. Kh3 Qe8 
99. Qh2 Qg8 100. Qf4+ Qg5 101. Qxg5+ Kxg5 102. Ba2 Bg4+ 103. Kg2 f4 
104. exf4+ Kxf4 105. e6 h4 106. e7 Bd7 107. Kf1 h3 108. Be6 Be8 109. Bxh3 Ke3 
110. Bg2 Kxd4 111. Ke2 Kxc5 112. Bxe4 1/2-1/2

[Event "Saturday 13 January Rapid Engine Tour 12+1 Rounds 9 Starts 1600 ST"]
[Site "Infinity Chess"]
[Date "2018.1.13"]
[Round "1"]
[White "hafaba"]
[Black "Dovahkiin"]
[Result "1/2-1/2"]
[ECO "D20"]
[WhiteElo "2385"]
[BlackElo "2445"]
[WhiteEngine "Stockfish SL 07012018 POPCNT_CTG"]
[BlackEngine "BrainFish_180106_x64_modern_CTG"]
[EventType "Swiss"]
[WhiteTeam ""]
[BlackTeam ""]
[PlyCount "120"]
[TimeControl "720+1"]

1. d4 d5 2. c4 dxc4 3. e3 Nf6 4. Nf3 e6 5. Bxc4 c5 6. O-O a6 7. b3 cxd4 
8. Nxd4 Be7 9. Bb2 O-O 10. Be2 Bd7 11. Nd2 Nc6 12. N4f3 Rc8 13. Rc1 b5 
14. a3 Nd5 15. Rc2 Qb6 16. Qb1 e5 17. Re1 g6 18. b4 f6 19. Bd3 a5 20. bxa5 Nxa5 
21. Rxc8 Rxc8 22. Bxg6 hxg6 23. Qxg6+ Kf8 24. e4 Nf4 25. Nxe5 Nxg6 26. Nxd7+ Kf7 
27. Nxb6 Rc2 28. Bd4 b4 29. axb4 Bxb4 30. Nf3 Bxe1 31. Nxe1 Re2 32. Bc3 Nb3 
33. Nc4 Ra2 34. Nd6+ Ke6 35. Nf5 Nf4 36. Kf1 Ra4 37. f3 Rc4 38. Bb2 Ra4 
39. Bc3 Rc4 40. g3 Rxc3 41. gxf4 Kf7 42. Kf2 Nc1 43. Nh6+ Kg7 44. Nf5+ Kf7 
45. h4 Kg6 46. Ng2 Rc2+ 47. Kg3 Ne2+ 48. Kg4 Rc1 49. e5 Rg1 50. h5+ Kf7 
51. Nfh4 Ra1 52. h6 Ra8 53. Nf5 fxe5 54. fxe5 Rg8+ 55. Ng7 Kg6 56. Nf4+ Kxh6 
57. Nxe2 Kxg7 58. Nd4 Kg6 59. f4 Kg7 60. f5 Kf7+ 1/2-1/2

[Event "Saturday 13 January Rapid Engine Tour 12+1 Rounds 9 Starts 1600 ST"]
[Site "Infinity Chess"]
[Date "2018.1.13"]
[Round "1"]
[White "Neoxium"]
[Black "OlivierEvan"]
[Result "1/2-1/2"]
[ECO "A00"]
[WhiteElo "2448"]
[BlackElo "2392"]
[WhiteEngine "SF SL FA-IDeA"]
[BlackEngine "Houdini 6"]
[EventType "Swiss"]
[WhiteTeam ""]
[BlackTeam ""]
[PlyCount "75"]
[TimeControl "720+1"]

1. e3 e5 2. d4 exd4 3. exd4 d5 4. Nf3 Nf6 5. Be3 Nc6 6. c4 Bb4+ 7. Nc3 O-O 
8. Bd3 Bg4 9. O-O dxc4 10. Bxc4 Qd6 11. Rc1 Rae8 12. h3 Bh5 13. Nb5 Qd7 
14. Nc3 a6 15. Be2 h6 16. Ne5 Nxe5 17. dxe5 Rxe5 18. Bxh5 Rxh5 19. Ne4 Qxd1 
20. Nxf6+ gxf6 21. Rfxd1 Bd6 22. g4 Rxh3 23. Kg2 Rh2+ 24. Kf3 f5 25. Rxd6 fxg4+ 
26. Kg3 Rh3+ 27. Kxg4 Rxe3 28. Rxc7 Re6 29. Rxe6 fxe6 30. Rxb7 Rxf2 31. Kh5 Rh2+ 
32. Kg6 Rg2+ 33. Kxh6 Kf8 34. Ra7 Rxb2 35. Rxa6 Rh2+ 36. Kg5 Rg2+ 37. Kf6 Rf2+ 
38. Kxe6 1/2-1/2

[Event "Saturday 13 January Rapid Engine Tour 12+1 Rounds 9 Starts 1600 ST"]
[Site "Infinity Chess"]
[Date "2018.1.13"]
[Round "1"]
[White "KillBill2017"]
[Black "Cepri"]
[Result "1/2-1/2"]
[ECO "C50"]
[WhiteElo "2399"]
[BlackElo "2461"]
[WhiteEngine "asmFishW_2018-01-12_popcnt_CTG"]
[BlackEngine "asmFishW_12J18Mb_CTG"]
[EventType "Swiss"]
[WhiteTeam ""]
[BlackTeam ""]
[PlyCount "146"]
[TimeControl "720+1"]

1. e4 e5 2. Nf3 Nc6 3. Bc4 Bc5 4. O-O Nf6 5. d3 d6 6. c3 O-O 7. Bg5 h6 8. Bh4 a6 
9. a4 g5 10. Bg3 Ba7 11. Nbd2 Nh7 12. h3 h5 13. Kh1 Kh8 14. b4 h4 15. Bh2 g4 
16. hxg4 Bxg4 17. b5 Na5 18. Ba2 Qf6 19. d4 Rae8 20. Qb1 Qh6 21. Qd3 f5 
22. exf5 Bxf5 23. Qe3 Qh5 24. Nxe5 Nf6 25. Nf7+ Rxf7 26. Bxf7 Qxf7 27. Qh6+ Kg8 
28. Qxh4 Rf8 29. Rae1 Qh7 30. Qxh7+ Bxh7 31. Re3 Bb6 32. bxa6 bxa6 33. Rfe1 Rf7 
34. Bf4 Nd5 35. Rg3+ Rg7 36. Bg5 Nc6 37. Re8+ Kf7 38. Ra8 Bc2 39. Rxa6 Rg8 
40. Nc4 Bb3 41. Nxb6 cxb6 42. a5 Bc4 43. Rxb6 Nxb6 44. axb6 Rb8 45. Rf3+ Kg6 
46. Bh4 Rh8 47. Rg3+ Kf7 48. Rf3+ Ke6 49. Rh3 Bd5 50. Kh2 Na5 51. Bg3 Rxh3+ 
52. Kxh3 Nc4 53. Bh2 Nxb6 54. Bf4 Bb3 55. g4 Nd5 56. Bd2 Kf7 57. f4 Nf6 
58. f5 Ne4 59. Bf4 Ke7 60. c4 Bxc4 61. g5 Nc3 62. g6 Ne4 63. Bh6 Bd3 64. Kg4 Kf6 
65. d5 Nf2+ 66. Kf3 Nd1 67. Bf8 Bxf5 68. g7 Bh7 69. Bxd6 Nc3 70. Bc5 Nxd5 
71. g8=Q Bxg8 72. Bf2 Ke5 73. Kg4 Be6+ 1/2-1/2

[Event "Saturday 13 January Rapid Engine Tour 12+1 Rounds 9 Starts 1600 ST"]
[Site "Infinity Chess"]
[Date "2018.1.13"]
[Round "1"]
[White "Vimtiroba"]
[Black "Satria_Ungu"]
[Result "1/2-1/2"]
[ECO "A40"]
[WhiteElo "2464"]
[BlackElo "2407"]
[WhiteEngine "SF@130118_CTG"]
[BlackEngine "Houdini 6_CTG"]
[EventType "Swiss"]
[WhiteTeam ""]
[BlackTeam ""]
[PlyCount "138"]
[TimeControl "720+1"]

1. d4 c6 2. e4 d5 3. e5 c5 4. dxc5 e6 5. Nf3 Bxc5 6. a3 Ne7 7. b4 Bb6 8. Bb2 O-O 
9. Bd3 Ng6 10. O-O a5 11. b5 Bc5 12. Nbd2 Nd7 13. c4 Re8 14. Qc2 b6 
15. cxd5 exd5 16. Rfe1 a4 17. Rad1 Ndf8 18. Nc4 Bg4 19. Be4 Ne7 20. h3 Bh5 
21. e6 f6 22. Ne3 Bxe3 23. Rxe3 Qc8 24. Qxc8 Raxc8 25. Bb1 Bxf3 26. gxf3 Neg6 
27. Rxd5 Nxe6 28. Rd6 Ngf4 29. Rxb6 Kf7 30. Rb7+ Re7 31. Rxe7+ Kxe7 32. Re1 Rb8 
33. Bc1 Kd6 34. Ba2 Rxb5 35. Re4 g5 36. Kh2 Ra5 37. h4 h6 38. hxg5 hxg5 
39. Bd2 Ra7 40. Kg1 Ra6 41. Bc4 Ra8 42. Ba2 Ra6 43. Bb4+ Kc7 44. Bc4 Rc6 
45. Bb5 Rc1+ 46. Re1 Rxe1+ 47. Bxe1 Nd4 48. Ba5+ Kd6 49. Bxa4 Nxf3+ 50. Kh1 f5 
51. Bb4+ Kd5 52. Be7 Nd3 53. Kg2 g4 54. Bd7 Nf4+ 55. Kf1 Nd2+ 56. Kg1 Nf3+ 
57. Kf1 Nd2+ 58. Kg1 Nf3+ 59. Kh1 Nd3 60. Bxf5 Nxf2+ 61. Kg2 Ne4 62. Bxg4 Ne5 
63. Bh5 Nc4 64. a4 Kd4 65. Bf3 Nc5 66. Kf2 Nxa4 67. Bf6+ Kc5 68. Bg7 Kd6 
69. Be4 Nc5 1/2-1/2

[Event "Saturday 13 January Rapid Engine Tour 12+1 Rounds 9 Starts 1600 ST"]
[Site "Infinity Chess"]
[Date "2018.1.13"]
[Round "1"]
[White "CrossingJordan"]
[Black "THE_MACHINE"]
[Result "1/2-1/2"]
[ECO "C50"]
[WhiteElo "2410"]
[BlackElo "2481"]
[WhiteEngine "asmFishW_2017-12-20_bmi2_CTG"]
[BlackEngine "Houdini 6"]
[EventType "Swiss"]
[WhiteTeam ""]
[BlackTeam ""]
[PlyCount "153"]
[TimeControl "720+1"]

1. e4 e5 2. Nf3 Nc6 3. Bc4 Bc5 4. O-O Nf6 5. d3 d6 6. c3 O-O 7. Nbd2 a5 
8. h3 Ba7 9. Re1 Be6 10. b3 h6 11. Bb5 Ne7 12. d4 Ng6 13. Ba3 c6 14. Bf1 Re8 
15. Qc2 exd4 16. cxd4 Rc8 17. e5 dxe5 18. dxe5 Nd5 19. Nc4 Bb8 20. Bd3 Ngf4 
21. Bh7+ Kh8 22. Bf5 b5 23. Nd6 Bxd6 24. exd6 b4 25. Bxe6 Rxe6 26. Rxe6 Nxe6 
27. Ne5 Kg8 28. d7 Rc7 29. Bb2 f6 30. Qg6 Nf8 31. Qf7+ Kh7 32. Qe8 Rxd7 
33. Qxd8 Rxd8 34. Nxc6 Ra8 35. Rd1 Ra6 36. Nd8 Nc3 37. Bxc3 bxc3 38. Rc1 Rd6 
39. Nb7 Rd2 40. Rxc3 Rxa2 41. Nc5 Kg6 42. Rd3 Kf7 43. Rd6 Ra1+ 44. Kh2 Rc1 
45. Rd5 Rc2 46. Ne4 Re2 47. f3 Ne6 48. Rxa5 Nd4 49. Kg3 Nxb3 50. Ra7+ Kg6 
51. Nc3 Rd2 52. h4 Nd4 53. Kh3 Ne6 54. Ne4 Rd5 55. Kg3 Nd4 56. Kh3 Ne2 57. g4 h5 
58. Kg2 Nd4 59. Kg3 Ne6 60. Re7 Nc5 61. Nc3 Rd7 62. Rxd7 Nxd7 63. gxh5+ Kxh5 
64. Nd5 Nc5 65. Nc7 Kg6 66. Nd5 Nd3 67. Kg4 f5+ 68. Kg3 Kf7 69. f4 Ke6 
70. Ne3 g6 71. Kf3 Kf6 72. h5 gxh5 73. Kg3 h4+ 74. Kxh4 Nxf4 75. Kg3 Ne2+ 
76. Kh2 Nc3 77. Kg3 1/2-1/2

[Event "Saturday 13 January Rapid Engine Tour 12+1 Rounds 9 Starts 1600 ST"]
[Site "Infinity Chess"]
[Date "2018.1.13"]
[Round "1"]
[White "Marsell"]
[Black "MarioDeMonti"]
[Result "1/2-1/2"]
[ECO "B90"]
[WhiteElo "2482"]
[BlackElo "2420"]
[WhiteEngine "asmFishW_2018-01-11_popcnt"]
[BlackEngine "stockfish_x64_bmi2_2018_01_01_CTG"]
[EventType "Swiss"]
[WhiteTeam ""]
[BlackTeam ""]
[PlyCount "123"]
[TimeControl "720+1"]

1. e4 c5 2. Nf3 d6 3. d4 cxd4 4. Nxd4 Nf6 5. Nc3 a6 6. Be3 e5 7. Nb3 Be6 
8. f3 h5 9. Qd2 Nbd7 10. Nd5 Bxd5 11. exd5 g6 12. Be2 Bg7 13. O-O b6 14. c4 O-O 
15. Rae1 Re8 16. Bf2 Qc7 17. Bd3 Kh7 18. a4 Bh6 19. Qd1 Rab8 20. Bh4 Kg7 
21. Re2 Rec8 22. Kh1 Ra8 23. Rc2 Rab8 24. h3 Re8 25. Nc1 Nc5 26. b4 Nxd3 
27. Qxd3 Nd7 28. Nb3 a5 29. bxa5 bxa5 30. c5 Rb4 31. Be1 Rxa4 32. cxd6 Qb8 
33. Nxa5 Qxd6 34. Rc6 Qa3 35. Qxa3 Rxa3 36. Nc4 Rd3 37. d6 Nf6 38. Bh4 Rd4 
39. Bf2 Rd3 40. Bh4 Rd4 41. Bf2 Rd3 42. Rc7 e4 43. Bg3 e3 44. Re1 e2 45. Kg1 Nd5 
46. Rxf7+ Kxf7 47. d7 Be3+ 48. Bf2 Bxf2+ 49. Kxf2 Nc3 50. dxe8=Q+ Kxe8 
51. Ne5 Rd6 52. f4 Ke7 53. Nf3 Rd1 54. Ng1 Rxe1 55. Kxe1 Ke6 56. Nxe2 Nxe2 
57. Kxe2 h4 58. Ke3 Kf6 59. Kf2 Ke6 60. g3 hxg3+ 61. Kxg3 Kf5 62. h4 1/2-1/2

[Event "Saturday 13 January Rapid Engine Tour 12+1 Rounds 9 Starts 1600 ST"]
[Site "Infinity Chess"]
[Date "2018.1.13"]
[Round "1"]
[White "IronMan"]
[Black "Susanne"]
[Result "1/2-1/2"]
[ECO "A06"]
[WhiteElo "2421"]
[BlackElo "2482"]
[WhiteEngine "Stockfish SL FA PB BMI2"]
[BlackEngine "asmFishW_10_bmi2_CTG"]
[EventType "Swiss"]
[WhiteTeam ""]
[BlackTeam ""]
[PlyCount "107"]
[TimeControl "720+1"]

1. Nf3 d5 2. d4 Nf6 3. c4 e6 4. Nc3 c6 5. e3 Nbd7 6. Qc2 Bd6 7. b3 O-O 8. Be2 b6 
9. Bb2 Bb7 10. O-O Qe7 11. Rfe1 Rfe8 12. e4 dxe4 13. Nxe4 Nxe4 14. Qxe4 Rad8 
15. Rad1 Nf8 16. Qc2 c5 17. d5 exd5 18. cxd5 Qd7 19. h3 Re7 20. a4 Ng6 
21. Bb5 Qc7 22. Bc4 a6 23. h4 b5 24. Rxe7 Bxe7 25. h5 Nf8 26. axb5 axb5 
27. Bxb5 Bxd5 28. Bc4 Bxc4 29. bxc4 Rxd1+ 30. Qxd1 Qb7 31. Qe2 h6 32. Be5 Qb1+ 
33. Kh2 Ne6 34. Ne1 Qf5 35. Nd3 Bf6 36. Bxf6 gxf6 37. g4 Qg5 38. Kg3 f5 
39. f4 Qg7 40. Ne5 Nd4 41. Qd1 fxg4 42. Qxg4 Qxg4+ 43. Nxg4 f5 44. Nxh6+ Kg7 
45. Ng4 fxg4 46. Kxg4 Kf6 47. h6 Kg6 48. f5+ Kxh6 49. Kf4 Nc2 50. Ke5 Ne3 
51. f6 Nxc4+ 52. Kd5 Nb6+ 53. Kxc5 Nd7+ 54. Kb4 1/2-1/2

[Event "Saturday 13 January Rapid Engine Tour 12+1 Rounds 9 Starts 1600 ST"]
[Site "Infinity Chess"]
[Date "2018.1.13"]
[Round "1"]
[White "Murx"]
[Black "SkyPilot"]
[Result "1/2-1/2"]
[ECO "E10"]
[WhiteElo "2486"]
[BlackElo "2431"]
[WhiteEngine "BrainFish_171226_x64_modern"]
[BlackEngine "stockfish_x64_bmi2_2018_01_01_CTG"]
[EventType "Swiss"]
[WhiteTeam ""]
[BlackTeam ""]
[PlyCount "99"]
[TimeControl "720+1"]

1. d4 Nf6 2. c4 e6 3. Nf3 d5 4. Nc3 c6 5. Bg5 h6 6. Bxf6 Qxf6 7. e3 Nd7 
8. Be2 g6 9. O-O Bg7 10. e4 dxe4 11. Nxe4 Qf4 12. Qc2 f5 13. Ned2 c5 14. g3 Qc7 
15. Nh4 Bxd4 16. Nxg6 Rg8 17. Nh4 Nf6 18. Ndf3 Rxg3+ 19. hxg3 Qxg3+ 20. Ng2 Ng4 
21. Qd2 Bxf2+ 22. Rxf2 Qxf2+ 23. Kh1 Bd7 24. Rf1 Qg3 25. Qe1 Qxe1 26. Nfxe1 Ne5 
27. Nf3 Ng4 28. Nfh4 Ne5 29. Kg1 Ke7 30. Nf4 Bc6 31. Rd1 Nf7 32. Nd3 Rd8 
33. Nxc5 Rxd1+ 34. Bxd1 Nd6 35. b3 e5 36. Nd3 Kf6 37. Nb4 a5 38. Nxc6 bxc6 
39. Kf2 c5 40. Bc2 h5 41. a3 e4 42. Ke3 Kg5 43. Ng2 h4 44. Nf4 Kg4 45. Bd1+ Kg3 
46. Ne2+ Kg4 47. Ng1+ Kg3 48. Ne2+ Kg4 49. Nf4+ Kg3 50. Ne2+ 1/2-1/2

[Event "Saturday 13 January Rapid Engine Tour 12+1 Rounds 9 Starts 1600 ST"]
[Site "Infinity Chess"]
[Date "2018.1.13"]
[Round "1"]
[White "KULLANI"]
[Black "fati64"]
[Result "1/2-1/2"]
[ECO "C55"]
[WhiteElo "2432"]
[BlackElo "2495"]
[WhiteEngine "BrainFish_180106_x64_CTG"]
[BlackEngine "BrainFish_180106_x64"]
[EventType "Swiss"]
[WhiteTeam ""]
[BlackTeam ""]
[PlyCount "80"]
[TimeControl "720+1"]

1. e4 e5 2. Nf3 Nc6 3. Bc4 Nf6 4. d3 Bc5 5. c3 d6 6. O-O a5 7. Bg5 Ba7 
8. Nbd2 h6 9. Bh4 Qe7 10. Re1 g5 11. Bg3 g4 12. Nh4 Nh5 13. Nf5 Bxf5 
14. exf5 Qg5 15. Ne4 Qxf5 16. Bh4 Qg6 17. Kh1 f5 18. Nd2 Nf4 19. d4 d5 
20. Bb3 O-O 21. Nf1 exd4 22. Qd2 a4 23. Bxa4 Nh5 24. Ng3 Nxg3+ 25. hxg3 Rae8 
26. cxd4 Re4 27. Rxe4 fxe4 28. Rc1 Qg7 29. Bxc6 bxc6 30. Qc2 Bxd4 31. Qxc6 Qf7 
32. Rd1 Bxf2 33. Rxd5 Re8 34. Rf5 Rd8 35. Rxf7 Rd1+ 36. Kh2 Bg1+ 37. Kh1 Ba7+ 
38. Kh2 Bg1+ 39. Kh1 Ba7+ 40. Kh2 Bg1+ 1/2-1/2

[Event "Saturday 13 January Rapid Engine Tour 12+1 Rounds 9 Starts 1600 ST"]
[Site "Infinity Chess"]
[Date "2018.1.13"]
[Round "1"]
[White "Gilgamesch"]
[Black "angriff"]
[Result "1/2-1/2"]
[ECO "B00"]
[WhiteElo "2499"]
[BlackElo "2433"]
[WhiteEngine "BrainFish_171005_x64_bmi2"]
[BlackEngine "SF_64BIT_POPCNT_CTG"]
[EventType "Swiss"]
[WhiteTeam ""]
[BlackTeam ""]
[PlyCount "133"]
[TimeControl "720+1"]

1. e4 Nc6 2. d4 d5 3. e5 Bf5 4. Nf3 e6 5. c3 f6 6. Bb5 Nge7 7. exf6 gxf6 
8. Nh4 Bg6 9. O-O a6 10. Be2 Bf7 11. Nd2 Ng6 12. Ndf3 Rg8 13. Re1 Qd7 
14. b4 Nxh4 15. Nxh4 e5 16. g3 Bd6 17. a4 e4 18. b5 axb5 19. Bxb5 Kd8 20. Qd2 f5 
21. Ng2 Qe7 22. Qh6 Qe6 23. Qxh7 Ne7 24. a5 c6 25. Be2 Kd7 26. Qh6 Ng6 
27. Ba3 Nf4 28. Qxe6+ Nxe6 29. Bxd6 Kxd6 30. Kh1 Ra7 31. Ra2 Rga8 32. Rea1 Bg6 
33. f4 exf3 34. Bxf3 Ng5 35. Nh4 Bh7 36. Bg2 Ne4 37. Ra3 Nd2 38. Nf3 Nc4 
39. Ra4 Rxa5 40. Rxa5 Rxa5 41. Rxa5 Nxa5 42. Kg1 Nc4 43. h4 Na3 44. Ng5 Bg6 
45. Bf3 Ke7 46. h5 Bf7 47. Kf2 Kf6 48. Nxf7 Kxf7 49. Be2 Kf6 50. Bd3 Kg5 
51. Kf3 Nc4 52. h6 Kxh6 53. Bxf5 Kg5 54. g4 Nd6 55. Bd3 b6 56. Bc2 c5 
57. dxc5 bxc5 58. Bb3 c4 59. Bc2 Nf7 60. Bd1 Nd6 61. Bc2 Nf7 62. Ke3 Kxg4 
63. Kd4 Ng5 64. Bb1 Nf3+ 65. Kxd5 Kg5 66. Ba2 Nd2 67. Bxc4 1/2-1/2